 Dungeon Crawl Stone Soup version 0.26-a0-800-g517d6fe721 (webtiles) character file.

Game seed: 9501655048807263118

2046 lunkers the Geomancer (level 9, -3/51 HPs)
             Began as an Octopode Earth Elementalist on Nov 11, 2020.
             Was an Initiate of Vehumet.
             Slain by Harold
             ... wielding a +0 scimitar
              (11 damage)
             ... on level 7 of the Dungeon.
             The game lasted 00:14:42 (7573 turns).

lunkers the Geomancer (Octopode Earth Elementalist) Turns: 7573, Time: 00:14:43

Health: -3/51      AC:  2    Str: 12    XL:     9   Next: 24%
Magic:  3/18       EV: 14    Int: 21    God:    Vehumet [......]
Gold:   424        SH:  0    Dex: 18    Spells: 15/21 levels left

rFire    . . .     SeeInvis .   b - +1 flail (protect)
rCold    . . .     Faith    .   (no shield)
rNeg     + . .     Spirit   .   f - +1 hat
rPois    .         Reflect  .   (no amulet)
rElec    .         Harm     .   i - ring of positive energy
rCorr    .         Rampage  .   x - ring of Moral Flaws {Str+5 Dex+6 Stlth+}
MR       .....                  (no ring)
Stlth    ++++......             (no ring)
HPRegen  0.17/turn              (no ring)
MPRegen  0.16/turn              (no ring)
                                (no ring)
                                (no ring)

@: about to teleport, marked, very slightly contaminated
A: almost no armour, stealthy swim, amphibious, 8 rings, constrict 8, camouflage
1, gelatinous body 1
a: Renounce Religion


You were on level 7 of the Dungeon.
You worshipped Vehumet.
Vehumet was noncommittal.
You visited 2 branches of the dungeon, and saw 8 of its levels.

You collected 424 gold pieces.

Inventory:

Hand Weapons
 b - a +1 flail of protection (weapon)
Missiles
 l - 43 stones (quivered)
Armour
 f - a +1 hat (worn)
Jewellery
 i - a ring of positive energy (left tentacle)
 x - the ring of Moral Flaws (right tentacle) {Str+5 Dex+6 Stlth+}
   (You found it on level 5 of the Dungeon)

   [ring of stealth]

   It affects your strength (+5).
   It affects your dexterity (+6).
   It makes you more stealthy.
 y - an uncursed amulet of faith
Wands
 u - a wand of polymorph (8)
 D - a wand of paralysis (6)
Scrolls
 d - a scroll of random uselessness {unknown}
 e - 2 scrolls of remove curse
 h - a scroll of enchant weapon {unknown}
 j - a scroll of teleportation
 k - a scroll of noise {unknown}
 m - 4 scrolls of identify {unknown}
 p - 2 scrolls of fear {unknown}
 q - 4 scrolls of amnesia {unknown}
 s - a scroll of enchant armour {unknown}
Potions
 a - a potion of degeneration {unknown}
 c - 2 potions of magic {unknown}
 g - a potion of brilliance {unknown}
 n - a potion of mutation {unknown}
 o - a potion of haste
 r - a potion of cancellation {unknown}
 t - 2 potions of might {unknown}
 v - 3 potions of curing {unknown}
 w - a potion of ambrosia {unknown}
 z - 2 potions of heal wounds {unknown}
 A - a potion of berserk rage {unknown}
 B - a potion of attraction {unknown}
 C - a potion of invisibility {unknown}


   Skills:
 - Level 2.0 Dodging
 - Level 2.6 Stealth
 + Level 6.5 Spellcasting
 - Level 1.0 Transmutations
 * Level 10.1 Earth Magic


You had 15 spell levels left.
You knew the following spells:

 Your Spells              Type           Power        Failure   Level
a - Stone Arrow           Conj/Erth      ####..       3%          3
b - Passwall              Tmut/Erth      ####....     1%          2
c - Sandblast             Erth           #####.       1%          1

Your spell library contained the following spells:

 Spells                   Type           Power        Failure   Level
 Lee's Rapid Deconstruct  Erth           #####.....   4%          5
 Petrify                  Tmut/Erth      ####....     10%         4


Dungeon Overview and Level Annotations

Branches:
Dungeon (7/15)             Temple (1/1) D:6

Altars:
Ashenzari
Cheibriados
Dithmenos
Fedhas
Gozag
Hepliaklqana
Kikubaaqudgha
Makhleb
Nemelex Xobeh
Okawaru
Qazlal
Ru
Sif Muna
Trog
Uskayaw
Vehumet
Wu Jian
Yredelemnul
Zin
The Shining One

Annotations:
D:7 3 runed translucent doors, Harold


Innate Abilities, Weirdness & Mutations

You cannot wear most types of armour.
You are very stealthy in the water. (Stealth+)
You are amphibious.
You can wear up to eight rings at the same time.
You can use your tentacles to constrict eight enemies at once.
Your skin changes colour to match your surroundings (Stealth+).
Your rubbery body absorbs attacks. (AC +1, EV +1)


Message History

The stone arrow hits Harold!
Harold is heavily wounded.
Harold barely misses you.
Unknown command.
Casting: Stone Arrow (dangerous; 3% risk of failure)
Confirm with . or Enter, or press ? or * to list all spells.
Aiming: Stone Arrow (dangerous; 3% risk of failure)
Press: ? - help, Shift-Dir - straight line, f/p - Harold
Aim: Harold, wielding a +0 scimitar and wearing a +2 scale mail of magic resistance (heavily wounded)
The stone arrow hits Harold!
Harold is heavily wounded.
* * * LOW MAGIC WARNING * * *
Harold closely misses you.
As you read the scroll labelled BASYFE TECSOHOPA, it crumbles to dust.
You feel blessed for a moment.
It was a scroll of remove curse.
Unknown command.
As you read the scroll labelled EKECAO XEEQOA, it crumbles to dust.
You feel strangely unstable.
It was a scroll of teleportation.
Harold hits you with a +0 scimitar!
You die...

#####.## ###### #.#
#....#### #.##
#.......### #..#
##........#####.#
#..........###.#
#...........##.#
..########.............#
...o{.cS@@(............#
...o#######........#...##
. ##............#
##........#### ###...(..#
##.....# ##.#..# ##..##
#).#


You could see Harold, a centaur, an adder and 2 orcs.

Vanquished Creatures
  Sigmund (D:4)
  Menkaure (D:4)
  An orc warrior (D:6)
  2 sky beasts
  2 ice beasts
  An ogre (D:4)
  A phantom (D:3)
  A centaur (D:6)
  2 bullfrogs
  3 scorpions
  A bullfrog zombie (D:6)
  A howler monkey (D:7)
  A hound (D:5)
  An orc priest (D:7)
  3 iguanas
  7 orc wizards
  5 worker ants
  A killer bee zombie (D:5)
  Robin (D:3)
  A worker ant zombie (D:6)
  A howler monkey skeleton (D:4)
  9 adders
  A white imp (D:6)
  An ufetubus (D:6)
  3 oozes
  An adder zombie (D:7)
  3 worms
  2 dart slugs
  3 leopard geckos
  15 orcs
  A ball python (D:3)
  9 bats
  2 giant cockroaches (D:2)
  12 goblins
  3 hobgoblins
  16 jackals
  2 quokkas
  3 frilled lizards
  8 kobolds
  A leopard gecko skeleton (D:7)
  5 rats
138 creatures vanquished.

Notes
Turn   | Place    | Note
-------+----------+-------------------------------------------
     0 | D:1      | lunkers the Octopode Earth Elementalist began the quest for
                  | the Orb.
     0 | D:1      | Reached XP level 1. HP: 11/11 MP: 3/3
   168 | D:1      | Reached XP level 2. HP: 17/17 MP: 1/5
   766 | D:2      | Reached XP level 3. HP: 15/21 MP: 3/6
   933 | D:2      | Found an opulent altar of Gozag.
  1080 | D:2      | Reached skill level 4 in Earth Magic
  1504 | D:3      | Reached XP level 4. HP: 25/27 MP: 2/8
  1533 | D:3      | Noticed Robin
  1671 | D:3      | Killed Robin
  1885 | D:3      | Learned a level 2 spell: Passwall
  1889 | D:3      | Learned a level 3 spell: Stone Arrow
  2119 | D:3      | Reached XP level 5. HP: 31/31 MP: 9/9
  2169 | D:3      | Reached skill level 5 in Earth Magic
  2498 | D:4      | Noticed a phantom
  2719 | D:3      | Killed a phantom
  2719 | D:3      | Reached XP level 6. HP: 32/36 MP: 3/11
  2799 | D:4      | Reached skill level 6 in Earth Magic
  2998 | D:4      | Noticed Menkaure
  3008 | D:4      | Killed Menkaure
  3008 | D:4      | Reached XP level 7. HP: 26/41 MP: 3/13
  3383 | D:4      | Noticed Sigmund
  3408 | D:4      | Killed Sigmund
  3408 | D:4      | Reached skill level 7 in Earth Magic
  4051 | D:5      | Entered Level 5 of the Dungeon
  4223 | D:5      | Reached skill level 5 in Spellcasting
  4223 | D:5      | Reached XP level 8. HP: 46/46 MP: 8/15
  4431 | D:5      | Found a basalt altar of Yredelemnul.
  4431 | D:5      | Found a glowing silver altar of Zin.
  4433 | D:5      | Found a radiant altar of Vehumet.
  4469 | D:5      | Got a clouded brass ring
  4500 | D:5      | Reached skill level 8 in Earth Magic
  5745 | D:6      | Reached skill level 9 in Earth Magic
  6082 | D:6      | Reached XP level 9. HP: 51/51 MP: 8/18
  6268 | D:6      | Found a staircase to the Ecumenical Temple.
  6472 | Temple   | Entered the Ecumenical Temple
  6727 | D:5      | Became a worshipper of Vehumet
  6956 | D:7      | Found a runed translucent gate.
  6956 | D:7      | Found a runed translucent gate.
  6956 | D:7      | Found a runed translucent gate.
  7010 | D:7      | Reached skill level 10 in Earth Magic
  7387 | D:7      | Noticed Harold
  7391 | D:7      | Identified the ring of Moral Flaws {Str+5 Dex+6 Stlth+}
                  | (You found it on level 5 of the Dungeon)
  7573 | D:7      | Slain by Harold

Illustrated notes

Levels and vault maps discovered:
D:1:      matt_arrival_diagonals, layout_rooms,
          wander_ebering_terrifying_dragon_lair
D:2:      layout_rooms, old_standard_altar, roderic_serpentine_path
D:3:      layout_loops_ring, uniq_robin
D:4:      layout_gridville, uniq_menkaure, uniq_sigmund
D:5:      layout_rooms, nicolae_overflow_hidden_temple
D:6:      layout_rooms, minmay_temple_entry_hall
D:7:      layout_cave_pods, gammafunk_ghost_icy, uniq_harold
Temple:   regret_index_temple_sphere_string

Skill      XL: |  1  2  3  4  5  6  7  8  9 |
---------------+----------------------------+-----
Earth Magic    | 4 5 6 7 9 10 | 10.1
Spellcasting   | 3 4 5 6 |  6.5
Dodging        | |  2.0
Stealth        | |  2.6
Transmutations | |  1.0

Action                   |  1- 3 |  4- 6 |  7- 9 || total
-------------------------+-------+-------+-------++-------
Melee: Unarmed           |     3 |    14 |       ||    17
       Constrict         |     1 |    10 |     8 ||    19
       Flail             |       |    39 |    24 ||    63
       Tentacles         |       |     6 |     3 ||     9
Throw: Stone             |     1 |       |     1 ||     2
 Cast: Sandblast         |    49 |    46 |    23 ||   118
       Stone Arrow       |       |     4 |   100 ||   104
Evoke: Wand              |       |       |     1 ||     1
  Use: Scroll            |       |       |     2 ||     2
 Stab: Sleeping          |       |     5 |     1 ||     6
Armor: Skin              |     2 |    14 |     7 ||    23
Dodge: Dodged            |     8 |    63 |    36 ||   107

Table legend: (Time is in decaauts)
 A = Elapsed time spent in this place.
 B = Non-inter-level travel time spent in this place.
 C = Inter-level travel time spent in this place.
 D = Time resting spent in this place.
 E = Time spent auto-exploring this place.
 F = Levels seen in this place.
 G = Mean time per level.
                   A        B        C        D        E       F      G
               +--------+--------+--------+--------+--------+-----+--------+
         Total |   7601 |   7356 |    245 |    825 |   5426 |   8 |  950.1 |
       Dungeon |   7385 |   7159 |    226 |    825 |   5230 |   7 | 1055.0 |
        Temple |    215 |    196 |     19 |      0 |    196 |   1 |  215.0 |
               +--------+--------+--------+--------+--------+-----+--------+

Top non-repeatable levels by time:
     D:6: 1432 daAuts
     D:4: 1276 daAuts
     D:5: 1264 daAuts
     D:3: 1143 daAuts
     D:2: 1028 daAuts
     D:1: 623 daAuts
     D:7: 617 daAuts
  Temple: 215 daAuts
